 Dungeon Crawl Stone Soup version 0.29-a0-397-g846e4a0bbc (webtiles) character file.

Game seed: 18214081438557149784

243 bande the Nimble (level 6, -1/44 HPs)
             Began as a Gnoll Wanderer on May 11, 2022.
             Slain by an iguana (11 damage)
             ... on level 5 of the Dungeon.
             The game lasted 00:09:18 (3055 turns).

bande the Nimble (Gnoll Wanderer)                   Turns: 3055, Time: 00:09:19

Health: -1/44      AC: 12    Str: 12    XL:     6   Next: 9%
Magic:  11/11      EV:  5    Int: 16    God:
Gold:   235        SH:  0    Dex: 16    Spells: 11/11 levels left

rFire   + . .      SeeInvis .   i - +0 war axe (protect)
rCold   . . .      Faith    .   (no shield)
rNeg    . . .      Spirit   .   n - +0 plate armour
rPois   .          Reflect  .   (no helmet)
rElec   .          Harm     .   p - +0 cloak
rCorr   .          Rampage  .   (no gloves)
Will    .....                   (no boots)
Stlth   ..........              f - amulet of regeneration
HPRegen 0.00/turn               g - ring of protection from fire
MPRegen 0.12/turn               m - +6 ring of intelligence

@: attractive, inhibited regen, hasted, very quick
A: fangs 1, strong nose, distributed training, inhibited regeneration, strong 1
a: no special abilities


You were on level 5 of the Dungeon.
You visited 1 branch of the dungeon, and saw 5 of its levels.

You collected 235 gold pieces.

Inventory:

Hand Weapons
 a - a +1 shortbow
 i - a +0 war axe of protection (weapon)
 q - a +0 flail
Armour
 b - a +2 leather armour
 n - a +0 plate armour (worn)
 p - a +0 cloak (worn)
Jewellery
 f - an amulet of regeneration (around neck)
 g - a ring of protection from fire (left hand)
 m - a +6 ring of intelligence (right hand)
Wands
 t - a wand of iceblast (7)
Scrolls
 d - 2 scrolls of teleportation
 v - a scroll of summoning
Potions
 c - a potion of lignification
 e - a potion of might
 h - 2 potions of resistance
 j - a potion of berserk rage
 u - a potion of flight {unknown}


   Skills:
 + Level 1.8 Fighting
 + Level 1.8 Short Blades
 + Level 1.8 Long Blades
 + Level 1.8 Axes
 + Level 1.8 Maces & Flails
 + Level 1.8 Polearms
 + Level 1.8 Staves
 + Level 1.8 Slings
 + Level 6.8 Bows
 + Level 1.8 Crossbows
 + Level 3.1 Throwing
 + Level 3.1 Armour
 + Level 8.7 Dodging
 + Level 1.8 Stealth
 + Level 1.8 Shields
 + Level 1.8 Unarmed Combat
 + Level 3.3 Spellcasting
 + Level 1.4 Conjurations
 + Level 1.4 Hexes
 + Level 1.4 Summonings
 + Level 1.4 Necromancy
 + Level 1.4 Translocations
 + Level 1.4 Transmutations
 + Level 1.4 Fire Magic
 + Level 1.4 Ice Magic
 + Level 1.4 Air Magic
 + Level 1.4 Earth Magic
 + Level 1.4 Poison Magic
 + Level 2.0 Invocations
 + Level 1.8 Evocations


You had 11 spell levels left.
You didn't know any spells.
Your spell library contained the following spells:

 Spells                   Type           Power      Damage    Failure   Level
 Animate Skeleton         Necr           14%        N/A       100%        1
 Pain                     Necr           28%        1d5       100%        1
 Ensorcelled Hibernation  Hex/Ice        14%        N/A       100%        2
 Portal Projectile        Hex/Tloc       14%        N/A       100%        3
 Spider Form              Tmut/Pois      7%         N/A       100%        3
 Vampiric Draining        Necr           7%         2d6       100%        3
 Anguish                  Hex/Necr       3%         N/A       100%        4
 Blade Hands              Tmut           3%         N/A       100%        5
 Excruciating Wounds      Necr           3%         N/A       100%        5


Dungeon Overview and Level Annotations

Branches:
Dungeon (5/15)
 Temple: D:4-7

Altars:
Fedhas


Innate Abilities, Weirdness & Mutations

You have very sharp teeth.
Your uncanny sense of smell can sniff out nearby items.
Your experience applies equally to all skills.
You do not regenerate when monsters are visible.
Your muscles are strong. (Str +2)


Message History

You are too injured to fight recklessly!
You are too injured to fight recklessly!
You are too injured to fight recklessly!
You are too injured to fight recklessly!
You are too injured to fight recklessly!
You are too injured to fight recklessly!
Your +0 war axe of protection hums with potential!
i - a +0 war axe of protection (weapon)
The iguana barely misses you.
You completely miss the iguana.
The iguana is heavily wounded.
The iguana bites you!
* * * LOW HITPOINT WARNING * * *
You hit the iguana but do no damage.
Your weapon exudes an aura of protection.
Your bite misses the iguana.
The iguana is heavily wounded.
The iguana bites you but does no damage.
You hit the iguana but do no damage. Your bite misses the iguana.
The iguana is heavily wounded.
You feel your willpower return. The iguana barely misses you.
The iguana bites you!
* * * LOW HITPOINT WARNING * * *
You hit the iguana but do no damage.
The iguana is heavily wounded.
The iguana bites you but does no damage.
It was a potion of attraction.
You feel attractive to monsters.
The iguana bites you but does no damage.
It was a potion of mutation.
You feel extremely strange.
Your regeneration stops near monsters.
You feel stronger. The iguana bites you.
* * * LOW HITPOINT WARNING * * *
It was a potion of haste.
You feel yourself speed up. The iguana bites you.
* * * LOW HITPOINT WARNING * * *
It was a potion of curing.
You feel better. The iguana barely misses you.
You barely miss the iguana.
The iguana is heavily wounded.
The iguana bites you!
You die...

#..#..###.##
#. .. #...##
#.# . . ##..##
##. #. #....#
.. . #.#..#
#.. #.
##.##.### #..
#.##..##...#
#..
####l..###.###
#....@#.#.##
#####.##.##
####.# ###


You could see an iguana.

Vanquished Creatures
  A hound (D:3)
  Natasha (thrice) (D:4)
  6 adders
  A worm (D:2)
  A dart slug (D:1)
  4 ball pythons
  9 bats
  7 endoplasms
  2 giant cockroaches
  5 hobgoblins
  4 jackals (D:4)
  7 quokkas
  7 frilled lizards
  10 goblins
  8 kobolds
  3 rats
78 creatures vanquished.

Notes
Turn   | Place    | Note
-------+----------+-------------------------------------------
     0 | D:1      | bande the Gnoll Wanderer began the quest for the Orb.
     0 | D:1      | bande set off with the following items: a +0 shortbow, a +2
                  | leather armour, a potion of lignification, a scroll of
                  | teleportation
     0 | D:1      | Reached XP level 1. HP: 13/13 MP: 4/4
    99 | D:1      | Reached XP level 2. HP: 19/19 MP: 5/5
   429 | D:1      | Reached XP level 3. HP: 22/25 MP: 7/7
   805 | D:1      | Reached skill level 1 in Invocations
  1165 | D:2      | Reached skill level 1 in Fighting
  1165 | D:2      | Reached skill level 1 in Short Blades
  1165 | D:2      | Reached skill level 1 in Long Blades
  1165 | D:2      | Reached skill level 1 in Axes
  1165 | D:2      | Reached skill level 1 in Maces & Flails
  1165 | D:2      | Reached skill level 1 in Polearms
  1165 | D:2      | Reached skill level 1 in Staves
  1165 | D:2      | Reached skill level 1 in Slings
  1165 | D:2      | Reached skill level 1 in Crossbows
  1165 | D:2      | Reached skill level 1 in Stealth
  1165 | D:2      | Reached skill level 1 in Shields
  1165 | D:2      | Reached skill level 1 in Unarmed Combat
  1165 | D:2      | Reached skill level 1 in Evocations
  1191 | D:2      | Reached XP level 4. HP: 32/32 MP: 8/8
  1627 | D:3      | Reached skill level 1 in Conjurations
  1627 | D:3      | Reached skill level 1 in Hexes
  1627 | D:3      | Reached skill level 1 in Summonings
  1627 | D:3      | Reached skill level 1 in Necromancy
  1627 | D:3      | Reached skill level 1 in Translocations
  1627 | D:3      | Reached skill level 1 in Transmutations
  1627 | D:3      | Reached skill level 1 in Fire Magic
  1627 | D:3      | Reached skill level 1 in Ice Magic
  1627 | D:3      | Reached skill level 1 in Air Magic
  1627 | D:3      | Reached skill level 1 in Earth Magic
  1627 | D:3      | Reached skill level 1 in Poison Magic
  2190 | D:3      | Reached XP level 5. HP: 37/37 MP: 9/9
  2411 | D:4      | Found a blossoming altar of Fedhas.
  2612 | D:4      | Noticed Natasha
  2620 | D:4      | Killed Natasha
  2863 | D:4      | Noticed Natasha
  2871 | D:4      | Killed Natasha
  2934 | D:4      | Noticed Natasha
  2939 | D:4      | Killed Natasha
  2940 | D:4      | Reached XP level 6. HP: 44/44 MP: 9/11
  3008 | D:5      | Entered Level 5 of the Dungeon
  3052 | D:5      | Gained mutation: You do not regenerate when monsters are
                  | visible. [potion of mutation]
  3052 | D:5      | Gained mutation: Your muscles are strong. (Str +2) [potion
                  | of mutation]
  3053 | D:5      | HP: 2/44 [iguana (5)]
  3055 | D:5      | Slain by an iguana

Illustrated notes

Levels and vault maps discovered:
D:1:      wheals_arrival_linesprint, layout_basic
D:2:      layout_rooms, minmay_crystal_water, minmay_pentomino_s2
D:3:      layout_basic, serial_rivers, chequers_serial_rivers_room_b,
          chequers_serial_rivers_large_b, chequers_serial_rivers_small_b,
          chequers_serial_rivers_small_b, chequers_serial_rivers_small_b
D:4:      layout_basic, mainiacjoe_overflow_brackets, uniq_natasha
D:5:      layout_layer_cave, gammafunk_ghost_smash,
          hangedman_abyss_or_decor_stabs

Skill      XL: |  1  2  3  4  5 |
---------------+----------------+-----
Invocations    | 1 2 |  2.0
Fighting       | 1 |  1.8
Short Blades   | 1 |  1.8
Long Blades    | 1 |  1.8
Axes           | 1 |  1.8
Maces & Flails | 1 |  1.8
Polearms       | 1 |  1.8
Staves         | 1 |  1.8
Slings         | 1 |  1.8
Crossbows      | 1 |  1.8
Stealth        | 1 |  1.8
Shields        | 1 |  1.8
Unarmed Combat | 1 |  1.8
Evocations     | 1 |  1.8
Spellcasting   | 3 |  3.3
Conjurations   | 1 |  1.4
Hexes          | 1 |  1.4
Summonings     | 1 |  1.4
Necromancy     | 1 |  1.4
Translocations | 1 |  1.4
Transmutations | 1 |  1.4
Fire Magic     | 1 |  1.4
Ice Magic      | 1 |  1.4
Air Magic      | 1 |  1.4
Earth Magic    | 1 |  1.4
Poison Magic   | 1 |  1.4
Throwing       | 3 |  3.1
Armour         | 3 |  3.1
Bows           | |  6.8
Dodging        | |  8.7

Action                   |  1- 3 |  4- 6 || total
-------------------------+-------+-------++-------
Melee: War axe           |       |     6 ||     6
 Fire: Shortbow          |    86 |   100 ||   186
  Use: Scroll            |     4 |     5 ||     9
       Potion            |       |     4 ||     4
Armor: Leather armour    |     8 |     1 ||     9
       Plate armour      |       |    66 ||    66
Dodge: Dodged            |    13 |    21 ||    34

Table legend: (Time is in decaauts)
 A = Elapsed time spent in this place.
 B = Non-inter-level travel time spent in this place.
 C = Inter-level travel time spent in this place.
 D = Time resting spent in this place.
 E = Time spent auto-exploring this place.
 F = Levels seen in this place.
 G = Mean time per level.
                   A        B        C        D        E       F      G
               +--------+--------+--------+--------+--------+-----+--------+
         Total |   3201 |   3116 |     85 |     14 |   2405 |   5 |  640.2 |
       Dungeon |   3201 |   3116 |     85 |     14 |   2405 |   5 |  640.2 |
               +--------+--------+--------+--------+--------+-----+--------+

Top non-repeatable levels by time:
     D:1: 1110 daAuts
     D:4: 757 daAuts
     D:3: 750 daAuts
     D:2: 527 daAuts
     D:5: 56 daAuts
